 Dungeon Crawl Stone Soup version 0.26-a0-812-g31a745ddcd (webtiles) character file.

Game seed: 12803805160640448881

4585 vishdafish the Carver (level 10, -3/150 HPs)
             Began as a Troll Berserker on Nov 30, 2020.
             Was a High Priest of Trog.
             Slain by a large abomination (33 damage)
             ... on level 1 of the Abyss.
             The game lasted 00:10:34 (7981 turns).

vishdafish the Carver (Troll Berserker)             Turns: 7981, Time: 00:10:34

Health: -3/150     AC:  7    Str: 30    XL:     10   Next: 18%
Magic:  9/9        EV: 12    Int:  3    God:    Trog [*****.]
Gold:   616        SH:  0    Dex:  9    Spells: 9/9 levels left

rFire    . . .     SeeInvis .   x - +0 scimitar (elec)
rCold    . . .     Faith    .   (no shield)
rNeg     . . .     Spirit   .   b - +0 animal skin
rPois    .         Reflect  .   (helmet restricted)
rElec    .         Harm     .   F - +0 cloak {MR+}
rCorr    .         Rampage  .   (gloves unavailable)
MR       +....                  (boots unavailable)
Stlth    ..........             (no amulet)
HPRegen  0.75/turn              (no ring)
MPRegen  0.11/turn              (no ring)

@: berserking (expiring), very quick
A: large, unfitting armour, claws 3, regeneration 1, shaggy fur 1, tough skin 3
a: Berserk, Trog's Hand, Brothers in Arms, Renounce Religion


You were on level 1 of the Abyss.
You worshipped Trog.
Trog was extremely pleased with you.
You visited 1 branch of the dungeon, and saw 9 of its levels.
You visited the Abyss 1 time.
You also visited: Ossuary.

You collected 686 gold pieces.
You spent 70 gold pieces at shops.

Inventory:

Hand Weapons
 a - a +0 falchion
 x - a +0 scimitar of electrocution (weapon)
Missiles
 j - 3 throwing nets
 H - 2 javelins (quivered)
Armour
 b - a +0 animal skin (worn)
 F - a +0 cloak of magic resistance (worn)
Wands
 p - a wand of acid (10)
 w - a wand of iceblast (7)
 C - a wand of paralysis (5)
Scrolls
 c - 3 scrolls of amnesia {unknown}
 h - 2 scrolls of magic mapping {unknown}
 k - 3 scrolls of fog
 m - 4 scrolls of enchant armour
 n - 9 scrolls of teleportation
 q - a scroll of immolation
 r - 6 scrolls of remove curse
 s - 2 scrolls of fear {unknown}
 t - 3 scrolls of noise {unknown}
 y - 2 scrolls of enchant weapon {unknown}
 E - 3 scrolls of identify
 G - a scroll of acquirement {unknown}
Potions
 d - 2 potions of ambrosia
 e - 2 potions of berserk rage {unknown}
 f - 8 potions of heal wounds
 g - 4 potions of lignification {unknown}
 i - 12 potions of curing
 l - 2 potions of might {unknown}
 o - 2 potions of invisibility {unknown}
 u - a potion of haste {unknown}
 v - a potion of attraction
 z - 5 potions of mutation {unknown}
 A - 2 potions of degeneration {unknown}
 B - 2 potions of cancellation {unknown}
 D - a potion of resistance {unknown}
 I - a potion of flight {unknown}


   Skills:
 + Level 6.4 Fighting
 * Level 8.9 Long Blades
 + Level 3.8 Throwing
 + Level 6.5 Dodging


You had 9 spell levels left.
You didn't know any spells.
Your spell library was empty.

Dungeon Overview and Level Annotations

Branches:
Dungeon (9/15)             Temple (0/1) D:5         Ossuary (visited)
   Lair: D:8-11         Orc: D:9-12

Altars:
Cheibriados
Dithmenos
Hepliaklqana
Okawaru
Sif Muna
Trog
Xom
Zin
Beogh

Shops:
D:8 !

Annotations:
D:9 1 transporter, Prince Ribbit, Psyche


Innate Abilities, Weirdness & Mutations

You are too large for most types of armour.
You have claws for hands.
Your natural rate of healing is unusually fast.
You are covered in fur. (AC +1)
You have extremely tough skin. (AC +3)


Message History

The large abomination is lightly damaged.
The large abomination hits you!!!
You hit the large abomination.
The large abomination is lightly damaged.
The large abomination hits you!!
You slash the large abomination!
The large abomination is moderately damaged.
You hit the large abomination.
The large abomination is heavily damaged.
The large abomination closely misses you.
You barely miss the large abomination.
The large abomination is heavily damaged.
The large abomination hits you!!
* * * LOW HITPOINT WARNING * * *
You slash the large abomination!
The large abomination is severely damaged.
You closely miss the large abomination.
The large abomination is severely damaged.
The large abomination hits you!!
You die...

# #.# ...#
######..#..#
.#
#...@X....#.
##..##.##...
.# ##..#
...# ##..#
#.. # ##
#....... ##
#####.## .
.... #...##
# #.. .## ##
. .# #.
.####.... .#
.##..# ...
##


You could see a large abomination.

Vanquished Creatures
  Pikel (D:7)
  Joseph (D:7)
  A wyvern (D:8)
  8 orc warriors
  2 ice beasts (D:6)
  A black bear (D:8)
  3 phantoms
  A sky beast (D:8)
  4 ogres
  A centaur (D:3)
  A lemure (D:7)
  5 bullfrogs
  3 killer bees (D:7)
  A wight (D:9)
  2 howler monkeys
  A bullfrog zombie (D:6)
  2 centaur zombies
  A jelly (D:7)
  6 hounds
  11 orc wizards
  A bullfrog skeleton (D:9)
  4 orc priests
  Crazy Yiuf (D:7)
  3 worker ants
  A killer bee zombie (D:8)
  A hound skeleton (D:5)
  8 mummies (Ossuary)
  A worker ant zombie (D:7)
  4 gnolls (D:6)
  8 adders
  2 shadow imps
  2 white imps
  2 ufetubi
  An ooze (D:1)
  An adder skeleton (D:6)
  2 worms (D:2)
  3 leopard geckos
  49 orcs
  5 giant cockroaches
  4 goblins
  5 hobgoblins
  15 jackals
  2 quokkas (D:5)
  6 bats
  6 frilled lizards
  A gnoll zombie (Ossuary)
  A hobgoblin zombie (Ossuary)
  6 kobolds
  3 kobold zombies (Ossuary)
  3 orc zombies (Ossuary)
  A quokka skeleton (D:4)
  7 rats
215 creatures vanquished.

Vanquished Creatures (others)
  An orc wizard (D:8)
1 creature vanquished.

Grand Total: 216 creatures vanquished

Notes
Turn   | Place    | Note
-------+----------+-------------------------------------------
     0 | D:1      | vishdafish the Troll Berserker began the quest for the Orb.
     0 | D:1      | Reached XP level 1. HP: 22/22 MP: 0/0
   279 | D:1      | Reached XP level 2. HP: 27/29 MP: 1/1
   419 | D:1      | Reached skill level 3 in Long Blades
   803 | D:1      | Reached ** piety under Trog
   803 | D:1      | Reached XP level 3. HP: 36/36 MP: 2/2
  1145 | D:2      | Found a shadowy altar of Dithmenos.
  1352 | D:3      | Found a faded altar of an unknown god.
  1428 | D:3      | Noticed a centaur
  1440 | D:3      | Killed a centaur
  1440 | D:3      | Reached XP level 4. HP: 45/45 MP: 3/3
  1440 | D:3      | Reached XP level 5. HP: 53/53 MP: 4/4
  1535 | D:3      | Found a bloodstained altar of Trog.
  1597 | D:3      | Found a shimmering altar of Xom.
  1597 | D:3      | Found a snail-covered altar of Cheibriados.
  1601 | D:3      | Found a hazy altar of Hepliaklqana.
  1601 | D:3      | Found an iron altar of Okawaru.
  1849 | D:3      | You fall into a shaft and drop 2 floors!
  1849 | D:5      | Entered Level 5 of the Dungeon
  1966 | D:4      | Reached skill level 4 in Long Blades
  2731 | D:4      | Noticed an ogre
  2740 | D:4      | Killed an ogre
  2740 | D:4      | Reached XP level 6. HP: 51/61 MP: 5/5
  3222 | D:5      | Reached skill level 5 in Long Blades
  3222 | D:5      | Reached XP level 7. HP: 53/68 MP: 6/6
  3615 | D:5      | Found a bloodstained altar of Trog.
  3634 | D:5      | Reached *** piety under Trog
  3891 | D:5      | Found a staircase to the Ecumenical Temple.
  4238 | D:6      | Reached skill level 6 in Long Blades
  4238 | D:6      | Reached XP level 8. HP: 42/79 MP: 7/7
  4426 | D:6      | Found a sand-covered staircase.
  4434 | Ossuary  | Entered an ossuary
  4844 | D:6      | Reached skill level 5 in Dodging
  4867 | D:6      | Reached skill level 5 in Fighting
  4911 | D:6      | Reached **** piety under Trog
  4914 | D:6      | Reached skill level 7 in Long Blades
  5203 | D:6      | Paralysed by a gnoll for 4 turns
  5388 | D:7      | Noticed Joseph
  5404 | D:7      | Killed Joseph
  5404 | D:7      | Reached skill level 1 in Throwing
  5404 | D:7      | Reached XP level 9. HP: 22/88 MP: 8/8
  5434 | D:7      | HP: 3/88 [killer bee (6)]
  5675 | D:7      | Found a runed translucent door.
  5675 | D:7      | Noticed Crazy Yiuf
  5677 | D:7      | Killed Crazy Yiuf
  6016 | D:7      | Noticed Pikel
  6028 | D:7      | Killed Pikel
  6028 | D:7      | Reached skill level 8 in Long Blades
  6647 | D:8      | Found a glowing silver altar of Zin.
  6688 | D:8      | Reached ***** piety under Trog
  7260 | D:8      | Reached XP level 10. HP: 98/98 MP: 9/9
  7375 | D:8      | Found Feic's Distillery.
  7383 | D:8      | Bought a potion of heal wounds for 70 gold pieces
  7394 | D:8      | Found a roughly hewn altar of Beogh.
  7799 | D:9      | Found a transporter.
  7817 | D:9      | Found a shimmering blue altar of Sif Muna.
  7819 | D:9      | Noticed Psyche
  7822 | D:9      | Noticed Prince Ribbit
  7863 | D:9      | Cast into level 1 of the Abyss (Psyche)
  7968 | Abyss:1  | Noticed a large abomination
  7981 | Abyss:1  | Slain by a large abomination

Illustrated notes

Levels and vault maps discovered:
D:1:      minmay_arrival_split_and_join, layout_basic
D:2:      layout_rooms, grunt_dithmenos_smoke
D:3:      layout_basic, grunt_temple_overflow_open, marbit_many_paths,
          chequers_ecumenical_altar_grove
D:4:      layout_loops_ring
D:5:      mumra_celtic_spiral_tile, layout_rooms,
          minmay_temple_entry_antechambers, trog_butcher_becter
D:6:      layout_gridville, enter_ossuary_1, kennysheep_generic_room_7
D:7:      layout_loops_ring, uniq_pikel, uniq_crazy_yiuf_cottage, uniq_joseph
D:8:      layout_gridville, special_room [special_room_orc], serial_shops,
          nicolae_shop_crystal, minmay_ruined_shrine
D:9:      layout_roguey, kennysheep_mini_moat, lair_entry_dummy,
          hiddenorc1_lemuel, gammafunk_ghost_stat_death,
          minmay_increasing_density, uniq_harold, uniq_prince_ribbit1,
          uniq_psyche, uniq_grum
Abyss:1:  base:
D:9

Skill      XL: |  1  2  3  4  5  6  7  8  9 |
---------------+----------------------------+-----
Long Blades    | 3 4 5 6 7 8 |  8.9
Fighting       | 3 4 5 6 |  6.4
Dodging        | 3 4 5 6 |  6.5
Throwing       | 1 3 |  3.8

Action                   |  1- 3 |  4- 6 |  7- 9 | 10-12 || total
-------------------------+-------+-------+-------+-------++-------
Melee: Falchion          |   120 |   129 |   162 |       ||   411
       Scimitar          |       |       |   211 |    63 ||   274
Throw: Javelin           |       |       |     3 |     1 ||     4
       Throwing net      |       |       |     2 |       ||     2
Invok: Berserk           |     2 |     3 |     9 |     2 ||    16
       Trog's Hand       |       |       |     1 |       ||     1
Evoke: Wand              |       |       |     3 |       ||     3
  Use: Scroll            |       |       |    10 |       ||    10
       Potion            |       |       |     2 |       ||     2
 Stab: Sleeping          |     1 |       |       |       ||     1
Armor: Animal skin       |    64 |    35 |   113 |    12 ||   224
Dodge: Dodged            |   115 |    70 |   224 |    33 ||   442
       Rpst.: Falchion   |    41 |    23 |    30 |       ||    94
       Scimitar          |       |       |    36 |     3 ||    39

Table legend: (Time is in decaauts)
 A = Elapsed time spent in this place.
 B = Non-inter-level travel time spent in this place.
 C = Inter-level travel time spent in this place.
 D = Time resting spent in this place.
 E = Time spent auto-exploring this place.
 F = Levels seen in this place.
 G = Mean time per level.
                   A        B        C        D        E       F      G
               +--------+--------+--------+--------+--------+-----+--------+
         Total |   8144 |   7759 |    385 |   1073 |   5144 |  11 |  740.4 |
       Dungeon |   7677 |   7292 |    385 |    969 |   4873 |   9 |  853.0 |
         Abyss |    114 |    114 |      0 |      0 |    103 |   1 |  114.0 |
       Ossuary |    352 |    352 |      0 |    104 |    168 |   1 |  352.0 |
               +--------+--------+--------+--------+--------+-----+--------+

Top non-repeatable levels by time:
     D:8: 1257 daAuts
     D:7: 1191 daAuts
     D:5: 1053 daAuts
     D:3: 1022 daAuts
     D:1: 959 daAuts
     D:6: 948 daAuts
     D:4: 755 daAuts
     D:2: 393 daAuts
 Ossuary: 352 daAuts
 Abyss:1: 114 daAuts
     D:9: 93 daAuts
